Map: Pendiente de Agustín EE

Players

MrFercho

  • Race: Zerg Zerg
  • League: Gold
  • Spawn Location: 5:00

tigro

  • Race: Terran Terran
  • League: Bronze
  • Spawn Location: 6:00

TATORREA

  • Race: Protoss Protoss
  • League: Gold
  • Spawn Location: 6:00

wontonsoup - Winner!

  • Race: Terran Terran
  • Spawn Location: 12:00

Gojujang - Winner!

  • Race: Terran Terran
  • Spawn Location: 11:00

leatherneck - Winner!

  • Race: Terran Terran
  • Spawn Location: 12:00

VOD

Have the link to the VOD?

Description

Time

  • Played on: Aug. 10, 2020, 10:16 p.m.
  • Length: 13:13
Show
View Real Time Build Order
Export as new Build Order

MrFercho Zerg 

Build Orders: Hatch First 

Get SALT Encoding   

  12  0:01  Drone  
  13  0:16  Overlord  
  13  0:17  Drone  
  14  0:34  Drone x2  
  16  0:49  Hatchery  
  15  0:54  Drone  
  16  0:57  Drone  
  16  1:00  Drone  
  18  1:13  Extractor  
  18  1:17  Spawning Pool  
  16  1:19  Drone  
  16  1:23  Drone  
  18  1:31  Drone  
  19  1:45  Drone  
  20  1:53  Drone  
  21  2:02  Overlord  
  21  2:03  Queen  
  21  2:04  Queen  
  21  2:05  Drone  
  26  2:13  Drone  
  27  2:17  Drone  
  27  2:20  Metabolic Boost  
  28  2:23  Drone  
  28  2:25  Drone  
  30  2:33  Drone  
  30  2:36  Drone  
  32  2:41  Baneling Nest  
  31  2:47  Drone x2  
  33  2:55  Drone  
  34  3:10  Spine Crawler  
  34  3:11  Overlord x3, Spine Crawler  
  34  3:12  Spine Crawler  
  31  3:34  Drone  
  31  3:35  Drone x5  
  37  3:43  Zergling x2  
  37  3:48  Zergling x6  
  41  3:53  Zergling x8  
  45  4:09  Zergling x6  
  34  4:24  Zergling x14  
  40  4:32  Drone x2  
  40  4:34  Queen  
  41  4:57  Zergling x8  
  37  5:07  Zergling x10  
  37  5:12  Drone x2  
  37  5:13  Drone  
  44  5:18  Baneling  
  44  5:19  Baneling x7  
  44  5:20  Zergling x4  
  46  5:41  Zergling x16  
  48  5:47  Zergling x2  
  48  5:48  Zergling x2  
  47  5:59  Drone x2  
  47  6:00  Evolution Chamber  
  47  6:17  Zergling x2  
  47  6:18  Zergling x10  
  51  6:24  Baneling x11  
  51  6:25  Baneling x2  
  48  6:33  Zergling x6  
  51  6:43  Zergling x4  
  51  6:46  Overlord x3  
  52  6:53  Zerg Melee Weapons Level 1  
  52  6:56  Extractor  
  52  7:00  Zergling x2  
  52  7:11  Drone x3  
  52  7:12  Drone x2  
  57  7:18  Hatchery  
  52  7:26  Zergling x6  
  55  7:31  Baneling x7  
  55  7:35  Drone  
  55  7:36  Drone x3  
  59  7:44  Drone  
  60  7:49  Zergling x4  
  62  7:58  Overlord x2  
  62  7:59  Zergling x2  
  62  8:00  Zergling x6  
  66  8:07  Zergling x6, Hatchery  
  68  8:29  Lair  
  68  8:37  Queen  
  70  8:51  Spore Crawler  
  70  8:55  Drone x6  
  70  8:56  Drone x3  
  78  9:04  Spore Crawler  
  78  9:06  Extractor, Zerg Missile Weapons Level 1  
  78  9:09  Extractor  
  75  9:13  Drone x2, Evolution Chamber  
  75  9:14  Drone  
  75  9:15  Drone x3  
  65  9:55  Zergling x24  
  65  9:56  Zergling x8  
  65  9:59  Drone  
  82  10:14  Hydralisk Den  
  82  10:15  Zerg Ground Armor Level 1  
  81  10:22  Drone x9  
  90  10:33  Extractor  
  90  10:34  Extractor  
  88  10:56  Hydralisk x8  
  96  11:19  Hydralisk  
  96  11:20  Hydralisk x3  
  96  11:22  Overlord  
  96  11:23  Overlord x4  
  84  11:49  Hydralisk x7  
  84  11:50  Hydralisk x8  
  84  11:51  Zergling x10  
  109  12:11  Hydralisk x9  
  109  12:12  Spine Crawler  
  109  12:15  Spore Crawler  
  101  12:25  Hydralisk x10  
  96  12:44  Spore Crawler x2  
  89  12:46  Hydralisk  
  89  12:47  Hydralisk x9, Spore Crawler  
Show
View Real Time Build Order
Export as new Build Order

tigro Terran 

Build Orders:  

Get SALT Encoding   

  12  0:13  SCV  
  13  0:16  Supply Depot  
  13  0:25  SCV  
  14  0:37  SCV  
  15  0:44  Barracks  
  15  0:49  SCV, Refinery  
  16  1:01  SCV  
  17  1:13  Supply Depot, SCV  
  18  1:19  Refinery  
  18  1:32  Marine  
  19  1:45  SCV  
  20  1:50  Marine  
  21  1:57  SCV  
  22  2:06  Factory  
  22  2:08  Marine  
  22  2:10  SCV  
  24  2:22  SCV  
  25  2:26  Marine  
  26  2:34  SCV  
  27  2:44  Marine  
  28  2:53  Engineering Bay  
  28  2:59  Factory Tech Lab  
  28  3:02  Barracks Tech Lab  
  28  3:10  Orbital Command  
  26  3:32  Marine  
  27  3:46  Cyclone  
  27  3:50  Marine  
  28  4:00  Combat Shield  
  28  4:08  Marine  
  29  4:25  Cyclone  
  29  4:27  Marine  
  28  4:44  Marine  
  28  4:57  Cyclone  
  31  5:01  Terran Infantry Weapons Level 1  
  31  5:10  Marine  
  31  5:11  Barracks  
  32  5:19  Stimpack  
  27  5:28  Marine  
  27  5:29  Cyclone  
  31  5:46  Marine  
  29  5:58  Command Center  
  29  6:00  Marine  
  29  6:01  Cyclone  
  31  6:05  Marine  
  28  6:12  Supply Depot  
  28  6:18  Marine  
  28  6:23  Marine  
  30  6:33  Armory  
  30  6:34  Cyclone  
  30  6:36  Marine  
  34  6:41  Marine  
  35  6:54  Marine  
  35  6:56  Terran Infantry Armor Level 1  
  35  6:59  Marine  
  33  7:06  Cyclone  
  35  7:12  Marine  
  32  7:27  Refinery  
  32  7:28  SCV  
  33  7:35  Starport  
  33  7:36  Marine  
  35  7:38  Cyclone  
  35  7:40  SCV  
  38  7:52  SCV  
  38  7:54  Marine  
  40  8:04  SCV  
  40  8:05  Refinery  
  41  8:10  Cyclone  
  41  8:12  Marine  
  45  8:16  SCV  
  41  8:28  SCV  
  41  8:30  Marine  
  31  8:34  Marine  
  31  8:40  SCV  
  26  8:42  Cyclone  
  26  8:48  Marine  
  29  8:50  Neosteel Armor  
  29  8:52  Marine  
  28  9:03  Medivac  
  28  9:05  Marine  
  31  9:10  Marine  
  32  9:23  Marine  
  33  9:27  Marine  
  34  9:32  Missile Turret  
  34  9:41  Marine  
  36  9:54  Missile Turret  
  36  9:59  Barracks Reactor  
  35  10:14  Missile Turret  
  35  10:25  Supply Depot  
  34  10:29  Terran Infantry Weapons Level 2  
  18  10:56  Marine  
  16  10:57  Marine x2  
  15  11:10  Missile Turret  
  15  11:14  Marine x2  
  15  11:15  Marine  
  12  11:30  Starport Tech Lab  
  12  11:32  Marine x3  
  13  11:34  Cyclone  
  18  11:50  Marine x3  
  21  12:06  Cyclone  
  21  12:08  Marine x3  
  21  12:26  Marine  
  22  12:38  Cyclone  
Show
View Real Time Build Order
Export as new Build Order

TATORREA Protoss 

Build Orders:  

Get SALT Encoding   

  12  0:03  Probe  
  13  0:15  Probe  
  14  0:28  Probe  
  15  0:30  Pylon  
  15  0:48  Probe  
  16  0:55  Gateway  
  16  0:56  Gateway  
  16  1:00  Probe  
  16  1:03  Assimilator  
  17  1:12  Probe  
  18  1:20  Pylon  
  18  1:24  Probe  
  19  1:36  Probe  
  20  1:52  Cybernetics Core  
  20  2:02  Assimilator  
  20  2:08  Pylon  
  20  2:12  Gateway  
  19  2:25  Probe (Chrono Boost)  
  20  2:36  Probe (Chrono Boost)  
  21  2:39  Stalker (Chrono Boost)  
  21  2:42  Probe  
  24  2:52  Stalker (Chrono Boost)  
  26  3:02  Probe  
  27  3:07  Stalker (Chrono Boost)  
  29  3:14  Probe  
  28  4:01  Robotics Facility  
  28  4:04  Robotics Facility  
  28  4:08  Stalker  
  30  4:18  Pylon  
  28  5:08  Pylon  
  28  5:12  Pylon  
  28  5:16  Pylon  
  28  5:17  Cybernetics Core  
  28  5:22  Immortal (Chrono Boost)  
  28  5:25  Immortal (Chrono Boost)  
  32  5:53  Immortal (Chrono Boost)  
  32  5:54  Stalker  
  32  5:55  Immortal (Chrono Boost)  
  37  5:58  Warp Gate  
  41  6:37  Nexus  
  41  6:41  Pylon  
  41  6:43  Pylon  
  31  7:06  Immortal x2 (Chrono Boost)  
  39  7:16  Probe  
  40  7:28  Probe  
  41  7:31  Gateway  
  41  7:40  Probe  
  41  7:42  Immortal x2 (Chrono Boost)  
  50  7:49  Probe  
  51  7:52  Probe  
  51  7:58  Gateway  
  52  8:01  Gateway, Probe  
  52  8:04  Probe  
  54  8:09  Assimilator  
  54  8:11  Assimilator  
  54  8:13  Probe  
  54  8:16  Probe  
  56  8:25  Stalker  
  58  8:31  Probe x2  
  60  8:40  Stalker  
  62  8:43  Probe x2  
  64  8:57  Stalker x2  
  64  8:58  Stalker  
  66  9:06  Probe x2  
  67  9:33  Stalker  
  67  9:34  Stalker x3  
  49  10:09  Pylon, Probe x2, Nexus  
  49  10:13  Pylon  
  51  10:15  Immortal  
  55  10:21  Probe x2  
  55  10:23  Immortal  
  61  10:33  Stalker  
  61  10:35  Stalker  
  65  10:40  Stalker  
  67  10:46  Stalker  
Show
View Real Time Build Order
Export as new Build Order

wontonsoup Terran - Winner!

Build Orders:  

Get SALT Encoding   

  12  0:02  SCV  
  13  0:15  SCV  
  14  0:25  Supply Depot  
  14  0:27  SCV  
  15  0:47  SCV  
  15  0:49  Barracks  
  16  0:52  Barracks  
  16  0:59  SCV  
  18  1:11  SCV  
  18  1:18  Supply Depot  
  18  1:23  SCV  
  19  1:35  SCV  
  19  1:37  Marine  
  19  1:38  Barracks  
  21  1:43  Marine  
  22  1:50  Supply Depot  
  22  1:54  Refinery  
  22  1:58  Marine  
  22  2:01  Marine  
  24  2:15  Marine  
  24  2:19  Marine  
  26  2:24  Supply Depot  
  26  2:28  Barracks  
  26  2:33  Marine  
  26  2:34  Marine  
  26  2:36  Marine  
  29  2:49  Supply Depot  
  29  2:51  Marine  
  29  2:52  Marine  
  31  3:10  Marine  
  31  3:11  Marine x2  
  31  3:28  Marine x2  
  31  3:31  Marine x2  
  34  3:46  Marine x2  
  36  3:49  Marine x2  
  36  4:04  Marine  
  31  4:17  Marine x3  
  31  4:22  Marine  
  33  4:35  Marine x3  
  36  4:39  Marine  
  37  4:52  Marine  
  37  4:53  Marine x2  
  37  4:57  Marine  
  40  5:10  Marine x2  
  40  5:11  Marine  
  43  5:15  Marine  
  42  5:28  Marine x3  
  42  5:33  Marine  
  46  5:46  Marine x3  
  45  5:59  Marine  
  45  6:04  Marine x3  
  44  6:17  Marine  
  37  6:22  Marine x3  
  37  6:35  Marine  
  37  6:39  Marine x2  
  35  6:40  Marine  
  36  6:52  Marine  
  37  6:57  Marine x3  
  39  7:10  Marine  
  39  7:15  Marine x3  
  37  7:24  Command Center  
  37  7:28  Marine  
  37  7:33  Marine x3  
  40  7:46  Supply Depot, Marine, Refinery  
  40  7:49  Orbital Command  
  40  7:51  Marine x3  
  44  8:04  Marine  
  45  8:08  Marine  
  45  8:09  Supply Depot  
  45  8:11  Factory  
  47  8:13  Barracks Tech Lab  
  47  8:17  Barracks Reactor  
  46  8:21  Marine  
  46  8:26  Marine  
  48  8:35  Stimpack  
  48  8:42  SCV  
  49  8:49  Refinery  
  49  8:54  Supply Depot, SCV  
  50  9:01  Factory Tech Lab  
  50  9:06  Starport, SCV  
  50  9:07  Marine x5  
  56  9:16  Supply Depot  
  56  9:18  SCV  
  57  9:25  Marine x2  
  57  9:30  SCV  
  58  9:44  Marine x2  
  58  9:45  Marine x3  
  47  9:52  Siege Tank  
  40  10:00  Supply Depot  
  40  10:02  Marine x4  
  40  10:03  Marine  
  45  10:09  Engineering Bay  
  45  10:12  SCV  
  46  10:15  Combat Shield  
  46  10:20  Marine x4  
  46  10:21  Marine  
  51  10:24  Siege Tank  
  54  10:38  Marine x5  
  54  10:39  Starport Reactor  
  59  10:45  SCV  
  60  10:53  Refinery  
  60  10:56  Marine, Siege Tank  
  64  10:57  SCV  
  65  11:09  SCV  
  66  11:39  Marine x4  
  69  11:40  Marine  
  69  11:45  Medivac x2  
  75  11:57  Marine x5  
  80  12:07  Supply Depot  
  80  12:15  Medivac x2, Marine x5  
  89  12:30  Supply Depot  
  89  12:32  Marine  
  89  12:33  Marine x4  
  94  12:50  Marine x3  
  94  12:51  Marine x2  
Show
View Real Time Build Order
Export as new Build Order

Gojujang Terran - Winner!

Build Orders:  

Get SALT Encoding   

  12  0:01  SCV  
  13  0:13  SCV  
  14  0:29  Supply Depot, SCV  
  15  0:51  SCV  
  15  0:52  Barracks  
  16  1:03  SCV  
  17  1:05  Barracks, Refinery  
  17  1:15  SCV  
  18  1:27  SCV  
  19  1:39  SCV  
  20  1:47  Marine  
  20  1:53  Supply Depot  
  22  1:55  Orbital Command  
  21  2:14  Command Center  
  21  2:19  Marine x2  
  23  2:29  SCV  
  24  2:34  Refinery  
  24  2:37  Marine x2  
  24  2:38  Factory  
  24  2:41  SCV  
  27  2:53  SCV  
  27  2:55  Marine  
  29  3:06  Marine, SCV  
  31  3:22  SCV  
  31  3:25  Marine x2  
  33  3:28  Supply Depot x2  
  33  3:31  Factory Tech Lab  
  33  3:34  SCV  
  34  3:37  Starport  
  34  3:43  Marine x2  
  35  4:01  Marine x2  
  35  4:02  Starport  
  37  4:04  SCV  
  37  4:09  Refinery  
  37  4:10  SCV  
  37  4:16  SCV  
  37  4:19  Marine x2  
  39  4:28  SCV  
  39  4:37  Marine  
  38  4:39  Marine  
  38  4:42  Starport Tech Lab  
  39  4:46  Fusion Core  
  39  4:50  Orbital Command  
  36  4:53  SCV  
  36  4:54  Marine  
  36  4:57  Marine, Refinery  
  37  5:05  SCV  
  37  5:06  Raven  
  40  5:17  SCV  
  42  5:21  SCV  
  42  5:29  SCV  
  42  5:33  SCV  
  44  5:36  Supply Depot  
  44  5:41  SCV  
  45  5:44  Battlecruiser  
  45  5:45  SCV  
  50  5:53  SCV  
  50  5:56  Battlecruiser  
  56  5:57  SCV  
  56  5:58  Supply Depot  
  56  6:05  SCV  
  56  6:08  Weapon Refit  
  57  6:15  SCV  
  56  6:20  Supply Depot x2  
  56  6:22  SCV  
  57  6:27  SCV  
  57  6:32  Command Center  
  58  6:36  SCV  
  58  6:39  SCV  
  60  6:43  Supply Depot  
  60  6:48  SCV  
  60  6:51  SCV  
  62  6:55  Marine x2  
  62  7:00  SCV  
  65  7:03  SCV  
  65  7:06  Supply Depot  
  66  7:10  Battlecruiser  
  66  7:12  SCV  
  66  7:15  Battlecruiser, SCV  
  80  7:18  Factory Tech Lab  
  80  7:24  SCV  
  80  7:27  SCV  
  80  7:29  Marine  
  83  7:31  Marine  
  84  7:47  Refinery  
  84  7:48  Orbital Command  
  84  7:49  Refinery  
  84  7:52  SCV  
  84  7:53  SCV  
  86  8:02  Starport  
  86  8:04  SCV  
  86  8:05  SCV  
  88  8:14  Battlecruiser  
  94  9:00  Battlecruiser  
  94  9:01  Starport Tech Lab  
  100  9:19  Battlecruiser  
  100  9:20  Battlecruiser  
  112  9:27  Armory  
  110  9:51  Armory  
  110  9:57  SCV  
  111  10:04  Battlecruiser  
  117  10:08  Engineering Bay  
  117  10:09  SCV  
  118  10:20  Command Center  
  118  10:21  SCV  
  119  10:23  Battlecruiser  
  106  11:32  Battlecruiser x3  
  123  11:49  SCV  
Show
View Real Time Build Order
Export as new Build Order

leatherneck Terran - Winner!

Build Orders:  

Get SALT Encoding   

  12  0:01  SCV  
  13  0:13  SCV  
  14  0:22  Supply Depot  
  14  0:25  SCV  
  15  0:44  SCV  
  16  0:50  Barracks  
  16  0:56  Barracks  
  16  1:09  SCV  
  17  1:21  SCV  
  17  1:25  Barracks  
  18  1:33  SCV  
  19  1:43  Marine x2  
  19  1:45  SCV  
  22  1:48  Barracks  
  22  1:56  Refinery  
  22  1:57  Supply Depot, SCV  
  23  2:19  SCV  
  24  2:23  Marine x2  
  24  2:24  Marine  
  24  2:29  Supply Depot  
  27  2:41  Marine x3  
  30  2:46  Marine  
  31  2:53  Orbital Command  
  31  2:54  Refinery  
  31  2:59  Supply Depot, Marine x3  
  31  3:04  Marine  
  35  3:12  Bunker  
  35  3:17  Marine x3  
  38  3:28  SCV  
  38  3:29  Supply Depot  
  38  3:32  Marine  
  38  3:40  SCV  
  39  3:46  Marine x3  
  41  3:50  Marine  
  36  4:17  Marine x4  
  36  4:29  Command Center  
  33  4:31  SCV  
  33  4:34  Marine  
  35  4:44  Factory  
  35  4:49  Marine  
  35  4:50  Marine  
  35  4:52  Barracks Tech Lab, Marine  
  37  4:58  SCV  
  37  5:07  Marine  
  37  5:08  Marine  
  37  5:10  Marine  
  40  5:14  Marine  
  41  5:22  Stimpack  
  41  5:25  Marine x2  
  41  5:28  Marine  
  43  5:30  Factory Tech Lab  
  43  5:32  Marine  
  45  5:41  SCV, Refinery  
  45  5:43  Marine  
  45  5:44  SCV  
  43  5:51  Siege Tank  
  43  5:53  SCV  
  43  5:56  SCV  
  48  6:06  SCV  
  48  6:07  Marine x4  
  48  6:08  SCV  
  52  6:18  SCV  
  52  6:20  SCV  
  52  6:23  Siege Tank  
  52  6:25  Marine x3  
  58  6:30  SCV  
  58  6:32  SCV  
  59  6:37  Marine  
  57  6:42  SCV  
  57  6:43  Marine  
  57  6:44  SCV  
  59  6:49  Marine x2  
  61  6:54  SCV  
  61  6:55  Marine  
  61  6:56  SCV  
  61  7:00  Marine  
  61  7:09  SCV  
  61  7:13  SCV  
  63  7:21  Supply Depot, SCV  
  59  7:24  Starport  
  59  7:25  SCV  
  59  7:33  SCV  
  60  7:40  Refinery  
  60  7:43  Siege Tank  
  63  7:44  Marine x2  
  63  7:45  Marine x2, SCV  
  63  7:46  Combat Shield  
  68  7:57  SCV  
  69  8:07  Starport Tech Lab  
  69  8:09  SCV  
  69  8:12  Fusion Core  
  70  8:15  Siege Tank  
  73  8:30  Marine x4  
  77  8:43  Orbital Command  
  77  8:47  Siege Tank  
  77  8:48  Marine  
  81  8:49  Marine x3  
  84  9:03  Starport  
  84  9:05  Marine  
  84  9:07  Marine  
  86  9:20  Engineering Bay  
  86  9:26  Supply Depot  
  86  9:30  Marine x4  
  90  9:34  Battlecruiser  
  70  9:46  Starport Tech Lab  
  70  9:48  Marine x3  
  70  9:49  Marine  
  70  9:58  Missile Turret  
  70  10:02  Terran Infantry Weapons Level 1  
  70  10:04  Missile Turret  
  70  10:05  Marine x2  
  70  10:06  Marine x2  
  74  10:23  Marine  
  75  10:29  Battlecruiser  
  81  10:38  Battlecruiser  
  81  10:42  Missile Turret  
  87  10:48  Supply Depot  
  87  11:23  Marine x4  
  91  11:33  Battlecruiser  
  97  11:41  Marine x4  
  97  11:42  Battlecruiser  
  107  11:58  Marine  
  107  11:59  Marine x2  
  110  12:46  Command Center  
Tags
 
Add a new tag
Caveats
  • Supply blocks, unpowered buildings, or Contaminate may cause inaccurate times.
  • Supply counts are checked every 10 seconds.